 Dungeon Crawl Stone Soup version 0.24.0-123-gd5b16e6ec5 (webtiles) character file.

Game seed: 1511709483910981112, levelgen mode: deterministic

84 brucemayne the Chopper (level 4, 0/39 HPs)
             Began as a Hill Orc Monk on Jan 18, 2020.
             Slain by a jackal (2 damage)
             ... on level 4 of the Dungeon.
             The game lasted 00:03:00 (709 turns).

brucemayne the Chopper (Hill Orc Monk)               Turns: 709, Time: 00:03:00

Health: 0/39       AC:  6    Str: 14    XL:     4   Next: 46%
Magic:  4/4        EV:  7    Int: 10    God:
Gold:   31         SH:  7    Dex: 15    Spells: 3/3 levels left

rFire    . . .     SeeInvis .   a - +0 hand axe
rCold    + . .     Gourm    .   k - +0 shield
rNeg     . . .     Faith    .   j - +0 scale mail
rPois    .         Spirit   .   (no helmet)
rElec    .         Reflect  .   (no cloak)
rCorr    .         Harm     .   (no gloves)
MR       .....                  (no boots)
Stlth    +.........             (no amulet)
HPRegen  0.13/turn              (no ring)
MPRegen  0.09/turn              (no ring)

@: no status effects
A: agile 1, cold resistance 1
a: no special abilities


You were on level 4 of the Dungeon.
You were not hungry.

You visited 1 branch of the dungeon, and saw 4 of its levels.

You collected 31 gold pieces.

Inventory:

Hand Weapons
 a - a +0 hand axe (weapon)
 i - a cursed +0 morningstar
Armour
 b - a +0 robe
 h - a +0 ring mail
 j - a +0 scale mail (worn)
 k - a +0 shield (worn)
Scrolls
 e - a scroll of remove curse
 g - a scroll of fear
Comestibles
 c - 4 rations
 d - 2 chunks of flesh


   Skills:
 - Level 3.6 Fighting
 - Level 6.6 Axes
 - Level 2.4 Dodging
 - Level 1.5 Stealth
 + Level 0.8 Shields


You had 3 spell levels left.
You didn't know any spells.
Your spell library was empty.

Dungeon Overview and Level Annotations

Branches:
Dungeon (4/15)
 Temple: D:4-7

Altars:
Gozag


Innate Abilities, Weirdness & Mutations

You are agile. (Dex +2)
Your flesh is cold resistant. (rC+)


Message History

The jackal barely misses you. x2; You block the orc's attack.
Unknown command.
You hit the jackal.
The jackal is almost dead.
You hit the orc.
The jackal bites you but does no damage.
You completely miss the jackal.
The jackal is almost dead.
You hit the orc.
You kill the orc!
The jackal bites you but does no damage.
You block the jackal's attack.
Unknown command.
You hit the jackal.
You kill the jackal!
You hit the orc. You block the orc's attack.
The jackal bites you but does no damage.
The orc hits you but does no damage.
You closely miss the jackal. You closely miss the orc. The jackal bites you.
You die...

# # #. # #.# # #. #.#
####. #.# .[...##.# .
##......#.# ...
........#.#########.....
...............o@h.....#
#......#(.###.######....
..#'####..# #.# .
#.....$..o# #.#
#.#####># #.#
#.#.......# #.#
..##.#o##.# #.#
####.#..#.# ###
####.##.#.#


You could see an orc and a jackal.

Vanquished Creatures
  A hound skeleton (D:4)
  3 adders (D:4)
  An adder skeleton (D:4)
  2 dart slugs (D:3)
  6 orcs
  2 giant cockroaches
  2 goblins (D:2)
  3 hobgoblins
  6 jackals
  2 bats
  2 kobolds
  2 rats
32 creatures vanquished.

Vanquished Creatures (others)
  A quokka (D:3)
1 creature vanquished.

Grand Total: 33 creatures vanquished

Notes
Turn   | Place    | Note
-------+----------+-------------------------------------------
     0 | D:1      | brucemayne the Hill Orc Monk began the quest for the Orb.
     0 | D:1      | Reached XP level 1. HP: 19/19 MP: 1/1
   202 | D:2      | Reached XP level 2. HP: 23/26 MP: 2/2
   359 | D:3      | Reached skill level 5 in Axes
   373 | D:3      | Noticed a sky beast
   475 | D:3      | Reached XP level 3. HP: 18/31 MP: 3/3
   535 | D:4      | Reached skill level 6 in Axes
   557 | D:4      | Reached XP level 4. HP: 16/39 MP: 4/4
   610 | D:4      | Found an opulent altar of Gozag.
   661 | D:4      | Gained mutation: Your flesh is cold resistant. (rC+)
                  | [potion of mutation]
   661 | D:4      | Gained mutation: You are agile. (Dex +2) [potion of
                  | mutation]
   709 | D:4      | Slain by a jackal

Levels and vault maps discovered:
D:1:      scummos_arrival_hexagon, layout_basic
D:2:      layout_rooms, first_ration
D:3:      layout_loops_cross, minmay_misc_feat_more_columns, corner_web_ring
D:4:      layout_basic, grunt_gozag_statues, serial_shops, shop

Skill      XL: |  1  2  3 |
---------------+----------+-----
Axes           | 5 6 |  6.6
Fighting       | |  3.6
Dodging        | |  2.4
Stealth        | |  1.5
Shields        | |  0.8

Action                   |  1- 3 |  4- 6 || total
-------------------------+-------+-------++-------
Melee: Hand axe          |    84 |    28 ||   112
  Use: Potion            |     2 |     1 ||     3
       Scroll            |       |     2 ||     2
 Stab: Sleeping          |     2 |       ||     2
Armor: Robe              |     7 |       ||     7
       Scale mail        |    21 |    12 ||    33
Dodge: Dodged            |    46 |    11 ||    57
Block: Shield            |    19 |    18 ||    37
